[Event "Late-Titled-Tuesday-Blitz-February-06-2024"]
[Site "Chess.com"]
[Date "2024.02.06"]
[Round "5"]
[White "Harsha_Bharathakoti"]
[Black "karinachess1"]
[Result "1/2-1/2"]
[WhiteElo "2895"]
[BlackElo "2667"]
[TimeControl "180+1"]
[EndTime "14:57:55 PST"]
[Termination "Game drawn - insufficient material"]

1. Nf3 Nf6 2. c4 e6 3. Nc3 d5 4. e3 Be7 5. b3 O-O 6. Bb2 b6 7. cxd5 exd5 8. g3 c5 9. d4 Nc6 10. Bb5 Bb7 11. O-O Rc8 12. Re1 a6 13. Bf1 cxd4 14.
Nxd4 Nxd4 15. exd4 Bb4 16. Re3 Re8 17. Rxe8+ Qxe8 18. Rc1 Qe6 19. a3 Bf8 20. Ne2 h6 21. Nf4 Qd7 22. Bh3 Rxc1 23. Qxc1 Qc6 24. Qd1 Bd6 25. Nd3 Ne4 26. Bg2 Nc3 27. Qe1 Ne4 28. Qe2 Qd7 29. Ne5 Qe7 30. a4 Nf6 31. Qc2 Qc7 32.
Qd1 Ne4 33. f3 Nf6 34. Bf1 Bc8 35. Bd3 a5 36. Qe2 Be6 37. Kg2 Bb4 38. h4 Bf8 39.
Kh2 Bd6 40. Kg2 Bf8 41. Qe3 Bd6 42. Qd2 Bb4 43. Qd1 Bd6 44. Kf2 Bb4 45. Qe2 Bd6 46. g4 Nd7 47. Kg2 Nxe5 48. dxe5 Bb4 49. Qc2 Qxc2+ 50.
Bxc2 Kf8 51. Kf1 Ke7 52. Ke2 Bd7 53. Ke3 b5 54. Bd4 bxa4 55. bxa4 f6 56. exf6+ gxf6 57. h5 Kf7 58. Bb3 Bc6 59. Kd3 Ke6 60. Be3 Bf8 61.
Kd4 f5 62. g5 hxg5 63. Bxg5 Bg7+ 64. Kc5 Bb7 65. h6 Bh8 66. Kb6 Bc8 67. Kxa5 Ke5 68. Kb4 f4 69. a5 Ba6 70. Be7 d4 71. Bf8 Kf6 72. Bc5 Kg6 73. Bc4 Bb7 74. Bd3+ Kxh6 75. Be4 Ba6 76. Kb3 Kg5 77. Bd6 Bf6 78. Kb4 Bd8 79.
Bc5 Kh4 80. Bxd4 Kg3 81. Bb6 Be7+ 82. Bc5 Bd8 83. Bd5 Be2 84. Bb6 Be7+ 85. Kc3 Bd6 86. Kd2 Ba6 87. Be4 Bb4+ 88. Kc2 Kg2 89. Kb3 Be1 90. Bc7 Kg3 91. Kc2 Bxa5 92. Bxa5 Be2 93. Be1+ Kg2 94. Kd2 Bxf3 95. Bf5 Bd5 96. Bd7 f3 97.
Ke3 Bb7 98. Bh4 Bd5 99. Bf5 Bb7 100. Bd3 Ba8 101. Bb5 Bb7 102. Bf2 Ba8 103. Bd7 Bb7 104. Bf5 Ba8 105. Bh4 Bb7 106. Bg4 Ba8 107. Bh5 Bb7 108. Be1 Ba8 109. Bxf3+ Bxf3 1/2-1/2

[Event "Late-Titled-Tuesday-Blitz-February-06-2024"]
[Site "Chess.com"]
[Date "2024.02.06"]
[Round "5"]
[White "FaustinoOro"]
[Black "MolecularChemist"]
[Result "1/2-1/2"]
[WhiteElo "2763"]
[BlackElo "2952"]
[TimeControl "180+1"]
[EndTime "14:58:22 PST"]
[Termination "Game drawn by 50-move rule"]

1. d4 Nf6 2. Nf3 e6 3. Bg5 d5 4.
e3 Be7 5. Bd3 h6 6. Bh4 c5 7. c3 Nc6 8. O-O b6 9. Nbd2 O-O 10. a4 Bb7 11. Qe2 Qc7 12. Bg3 Bd6 13.
Bxd6 Qxd6 14. e4 dxe4 15. Nxe4 Nxe4 16. Qxe4 f5 17. Qe3 cxd4 18. cxd4 Rad8 19. Bc4 Nxd4 20. Nxd4 Qxd4 21. Bxe6+ Kh7 22. Qxd4 Rxd4 23. Rfd1 Rg4 24. g3 Rb4 25. b3 Re4 26. Bd5 Bxd5 27. Rxd5 Rb4 28.
Rd7 a5 29. Rd3 f4 30. Kg2 f3+ 31. Kf1 Rf5 32. Re1 g5 33. h3 h5 34. Re7+ Kg6 35.
Rd6+ Rf6 36. Rxf6+ Kxf6 37. Re3 g4 38. hxg4 hxg4 39.
Ke1 Rd4 40. Rc3 Kf5 41. Rc6 Rb4 42. Rc3 Re4+ 43. Kf1 Ke5 44. Rc6 Rb4 45. Rc3 Kd5 46. Ke1 Re4+ 47. Kf1 Re2 48. Rd3+ Kc5 49. Rc3+ Kb4 50.
Rc4+ Kxb3 51. Rxg4 Ra2 52. Ke1 Re2+ 53. Kd1 Ra2 54.
Rg6 Rxf2 55. Rxb6+ Kxa4 56. g4 Rg2 57. Rf6 Rg3 58. g5 Kb3 59. g6 a4 60. g7 Rg1+ 61.
Kd2 Rxg7 62. Rxf3+ Kb2 63. Rf6 Rd7+ 64. Ke2 a3 65. Rb6+ Ka2 66. Rb5 Ka1 67. Rb6 a2 68.
Rb5 Rd4 69. Rb6 Rd5 70. Rb4 Rd7 71. Rb5 Rd4 72. Rb6 Rh4 73. Kd2 Rh1 74. Kc2 Rb1 75. Rd6 Rb2+ 76. Kc3 Rb8 77. Kc2 Rc8+ 78. Kd2 Rc5 79. Rb6 Rc8 80. Rb5 Rc7 81. Rb6 Rc4 82. Rb7 Rh4 83. Kc2 Rh2+ 84. Kc1 Rh1+ 85. Kc2 Rb1 86.
Re7 Rb2+ 87. Kc1 Rb8 88. Kc2 Rc8+ 89. Kd2 Kb2 90. Rb7+ Ka3 91. Ra7+ Kb3 92. Rb7+ Ka3 93. Ra7+ Kb2 94. Rb7+ Ka1 95. Rb6 Rc5 96. Rb7 Rc4 97. Rb6 Rh4 98. Kc2 Rf4 99. Rb7 Rf2+ 100. Kc1 Rf1+ 101. Kc2 Rb1 102. Re7 Rb2+ 103. Kc1 Rb6 104. Kc2 Rc6+ 105. Kd2 Rb6 106. Kc2 Rc6+ 107. Kd2 Rc5 108. Rb7 Rc6 109. Rb8 Rc7 110. Rb6 Rh7 111. Kc2 Rh2+ 112. Kc1 Rh4 113. Rb8 Rc4+ 114. Kd2 Rc6 115. Rb7 Rh6 116. Kc2 Rf6 117. Rb8 Rf2+ 1/2-1/2

[Event "Late-Titled-Tuesday-Blitz-February-06-2024"]
[Site "Chess.com"]
[Date "2024.02.06"]
[Round "5"]
[White "Jospem"]
[Black "Ticondriul"]
[Result "1/2-1/2"]
[WhiteElo "3035"]
[BlackElo "2730"]
[TimeControl "180+1"]
[EndTime "14:58:56 PST"]
[Termination "Game drawn by 50-move rule"]

1. e4 Nc6 2. Nf3 d5 3. exd5 Qxd5 4. Nc3 Qh5 5. Bb5 Bg4 6. Bxc6+ bxc6 7. d4 Nf6 8. Qe2 e6 9. Bd2 Rb8 10. b3 Bxf3 11. gxf3 Bb4 12. Rg1 Qa5 13. Ne4 Bxd2+ 14. Qxd2 Qxd2+ 15. Kxd2 Nh5 16. Rg5 g6 17. Ra5 Ra8 18.
Ra6 Kd7 19. c4 Rhb8 20. Kc3 Nf4 21. Re1 Rb6 22. Ra5 Ke7 23. Ng3 f5 24. h4 Kf6 25.
Ne2 Nh5 26. Nc1 Nf4 27. Nd3 Nxd3 28. Kxd3 Rbb8 29. Rc5 Rb6 30. Ra5 Rbb8 31. Kc3 h6 32. Rae5 Re8 33. Rc5 Ke7 34. Rxc6 Kd7 35. Ra6 g5 36. hxg5 hxg5 37. Kd3 c6 38. Rh1 Re7 39. Rh6 Kc7 40. Rg6 Kb7 41. Ra5 Rh8 42.
Rxg5 Rh2 43. Ke2 Rd7 44. Ke3 Rh1 45. d5 cxd5 46. cxd5 Re1+ 47. Kf4 Kb6 48. b4 exd5 49. Rxf5 Rd1 50. Kg5 Rd2 51. a4 Rxf2 52. Kf6 a6 53.
Ke6 Rd8 54. Raxd5 Re8+ 55. Kd7 Rfe2 56. Rf7 Kb7 57. f4 R8e4 58. Kd6+ Kb8 59. Rh5 Rd2+ 60. Kc5 Rc2+ 61. Kd5 Rxb4 62. Rh8+ Rc8 63. Rxc8+ Kxc8 64. f5 Rxa4 65. f6 Kd8 66. Rf8+ Kd7 67. Rf7+ Ke8 68. Ra7 Kf8 69. Ke5 Ra1 70. Ra8+ Kf7 71. Ra7+ Kf8 72. Ke6 Re1+ 73. Kf5 Rf1+ 74. Kg6 Rg1+ 75. Kh6 Rh1+ 76. Kg5 Rg1+ 77. Kh5 Rh1+ 78. Kg4 Rg1+ 79. Kh4 Rf1 80.
Rxa6 Kf7 81. Kg5 Rg1+ 82. Kh5 Rh1+ 83. Kg5 Rg1+ 84. Kh4 Rh1+ 85. Kg4 Rg1+ 86. Kf4 Rf1+ 87. Ke5 Re1+ 88. Kd4 Rd1+ 89. Ke4 Re1+ 90. Kd3 Re6 91. Ra8 Kxf6 92. Kd4 Rd6+ 93. Kc5 Re6 94. Rf8+ Ke7 95. Rf1 Rf6 96. Re1+ Kf7 97. Rh1 Rf5+ 98. Kd6 Rf6+ 99. Ke5 Re6+ 100. Kd5 Rf6 101. Ra1 Rf5+ 102. Ke4 Rf6 103. Ke5 Re6+ 104. Kf5 Rf6+ 105. Kg5 Rg6+ 106. Kh5 Re6 107. Ra7+ Kf6 108. Ra2 Re4 109. Ra6+ Kf5 110. Ra5+ Re5 111. Ra1 Kf4+ 112. Kg6 Re6+ 113. Kf7 Re3 114. Rf1+ Ke4 115. Rh1 Rf3+ 116. Ke6 Re3 117. Kd6 Kd4 118. Rd1+ Kc4 119. Rg1 Rd3+ 120. Ke5 Re3+ 121. Kf4 Re8 122. Kf5 Kd5 123. Kf6 Re6+ 124. Kf7 Re4 125. Rg5+ Kd6 126. Rg2 Rf4+ 127. Ke8 Ke6 128. Rg6+ Kf5 129. Ra6 Re4+ 130. Kf7 Rb4 131. Ra5+ Ke4 132. Ra1 Rb7+ 133. Ke6 Rb6+ 134. Kd7 Rb4 135. Kc6 Rd4 136. Kc5 Rd5+ 137. Kc4 Rd4+ 138. Kc3 Rd3+ 139. Kc2 Re3 140. Ra4+ Kf3 141. Ra8 Re2+ 1/2-1/2

[Event "Late-Titled-Tuesday-Blitz-February-06-2024"]
[Site "Chess.com"]
[Date "2024.02.06"]
[Round "6"]
[White "Franmu14"]
[Black "Zallio"]
[Result "1-0"]
[WhiteElo "2755"]
[BlackElo "2132"]
[TimeControl "180+1"]
[EndTime "15:01:21 PST"]
[Termination "Franmu14 won by resignation"]

1. e4 e6 2. Nc3 d5 3. exd5 exd5 4. d4 Bb4 5. Qd3 Nc6 6. Ne2 Nge7 7. Bg5 Bf5 8. Qd2 f6 9. Bf4 g5 10. Bg3 Qd7 11.
a3 Bd6 12. h4 Bxg3 13. Nxg3 gxh4 14. Rxh4 O-O-O 15. O-O-O a6 16. Rh6 Bg6 17. Nce2 Nf5 18. Nxf5 Qxf5 19. g3 Rde8 20. Bh3 1-0

[Event "Late-Titled-Tuesday-Blitz-February-06-2024"]
[Site "Chess.com"]
[Date "2024.02.06"]
[Round "6"]
[White "Tsschessulover"]
[Black "Kosak12"]
[Result "0-1"]
[WhiteElo "2595"]
[BlackElo "2825"]
[TimeControl "180+1"]
[EndTime "15:01:36 PST"]
[Termination "Kosak12 won by resignation"]

1. d4 Nf6 2. Nf3 g6 3. g3 Bg7 4. Bg2 O-O 5. O-O d6 6. b3 c5 7.
c4 cxd4 8. Nxd4 d5 9. cxd5 Nxd5 10. Bb2 Nb4 11. Nc3 Qxd4 0-1

[Event "Late-Titled-Tuesday-Blitz-February-06-2024"]
[Site "Chess.com"]
[Date "2024.02.06"]
[Round "6"]
[White "FairChess_on_YouTube"]
[Black "maciek_92"]
[Result "1-0"]
[WhiteElo "3055"]
[BlackElo "2821"]
[TimeControl "180+1"]
[EndTime "15:02:24 PST"]
[Termination "FairChess_on_YouTube won by resignation"]

1. e4 c5 2. Nc3 Nc6 3. Bb5 Nd4 4.
Nf3 e6 5. O-O a6 6. Bd3 Nc6 7.
Nd5 Bd6 8. Ne3 Nge7 9. c3 Bc7 10. Bc2 d5 11. exd5 Nxd5 12. d4 cxd4 13. Nxd4 O-O 14.
Nxc6 bxc6 15. Qf3 Qf6 16. Qe4 Qg6 17. Qxg6 hxg6 18. c4 Nb4 19. Be4 f5 20. Bf3 Bd7 21. Rd1 Be8 22. a3 Nc2 23. Nxc2 1-0

[Event "Late-Titled-Tuesday-Blitz-February-06-2024"]
[Site "Chess.com"]
[Date "2024.02.06"]
[Round "6"]
[White "N_Mullodzhanov"]
[Black "JM2005GM"]
[Result "1-0"]
[WhiteElo "2484"]
[BlackElo "2622"]
[TimeControl "180+1"]
[EndTime "15:02:25 PST"]
[Termination "N_Mullodzhanov won by resignation"]

1. e4 c5 2. c3 Nf6 3. e5 Nd5 4. Nf3 Nc6 5. Bc4 Nb6 6. Bb3 c4 7. Bc2 d5 8. exd6 Qxd6 9. O-O Bg4 10. Re1 e6 11. Na3 a6 12. b3 Rc8 13. Nxc4 Nxc4 14.
bxc4 Be7 15. d4 O-O 16. a4 b6 17. h3 Bh5 18. Ba3 Qf4 19. Bxe7 Nxe7 20. Qd2 Qf6 21. Ne5 Rfd8 22. g4 Bg6 23. g5 1-0

[Event "Late-Titled-Tuesday-Blitz-February-06-2024"]
[Site "Chess.com"]
[Date "2024.02.06"]
[Round "6"]
[White "LionTheLeon_06"]
[Black "Practical-Play"]
[Result "1-0"]
[WhiteElo "2878"]
[BlackElo "2579"]
[TimeControl "180+1"]
[EndTime "15:02:34 PST"]
[Termination "LionTheLeon_06 won by resignation"]

1. c4 e6 2. e3 d5 3. Nc3 Nf6 4. Nf3 g6 5. d4 Bg7 6. Be2 O-O 7.
O-O b6 8. b3 Bb7 9. Ba3 Re8 10.
Rc1 Nbd7 11. cxd5 Nxd5 12. Nxd5 Bxd5 13. Qc2 Rc8 14. Ba6 Bxf3 15. gxf3 Qg5+ 16. Kh1 Qh5 17.
Qe2 Red8 18. Bxc8 Ne5 19. Bb7 Rd5 20. Bxd5 exd5 21. Rg1 Nxf3 22. Rg2 Qh3 23. Rxc7 1-0

[Event "Late-Titled-Tuesday-Blitz-February-06-2024"]
[Site "Chess.com"]
[Date "2024.02.06"]
[Round "6"]
[White "Polish_fighter3000"]
[Black "BogdanDeac"]
[Result "1/2-1/2"]
[WhiteElo "3052"]
[BlackElo "3007"]
[TimeControl "180+1"]
[EndTime "15:02:35 PST"]
[Termination "Game drawn - insufficient material"]

1. c4 e6 2. Nf3 d5 3. g3 Nf6 4.
Bg2 Be7 5. O-O O-O 6. d4 dxc4 7.
Qc2 b5 8. a4 Bb7 9. axb5 a6 10.
bxa6 Nxa6 11. Qxc4 Bd5 12. Qc3 c5 13. Be3 Ne4 14.
Qc1 cxd4 15. Bxd4 Nec5 16. Nbd2 Bxf3 17. Bxc5 Nxc5 18. Nxf3 Nb3 19. Rxa8 Nxc1 20. Rxd8 Nxe2+ 21. Kh1 Rxd8 22. Re1 Nd4 23. Rd1 Nxf3 24. Rxd8+ Bxd8 25. Bxf3 Be7 26. Kg2 f5 27. h4 Kf7 28. h5 Kf6 29. g4 g6 30. hxg6 hxg6 31. gxf5 gxf5 32. Be2 e5 33. f3 Kg5 34. Bd3 Kf4 35. b4 Bxb4 36. Bc2 e4 37. fxe4 fxe4 38. Bxe4 1/2-1/2

[Event "Late-Titled-Tuesday-Blitz-February-06-2024"]
[Site "Chess.com"]
[Date "2024.02.06"]
[Round "6"]
[White "Beca95"]
[Black "dedpihto_v_kozhanom_palto"]
[Result "1-0"]
[WhiteElo "2950"]
[BlackElo "2697"]
[TimeControl "180+1"]
[EndTime "15:02:35 PST"]
[Termination "Beca95 won by resignation"]

1. e4 g6 2. d4 Bg7 3. Nc3 d6 4. Be3 Nc6 5. Qd2 e5 6. Nge2 f5 7. exf5 Bxf5 8. O-O-O Nf6 9. f3 e4 10. g4 exf3 11. gxf5 fxe2 12. Bxe2 Qd7 13. fxg6 hxg6 14. d5 Ne5 15. Bb5 c6 16. dxc6 bxc6 17. Bd3 O-O-O 18. Ba6+ Kb8 19. Qd4 Nfg4 20. Qb4+ Ka8 21.
Bg5 Rb8 22. Qxd6 Qxd6 23. Rxd6 Rb6 24. Be2 Rxh2 25. Rxh2 Nxh2 26. Bf4 Nhf3 27. Rd8+ Kb7 28. Bxf3 Nxf3 29. Rd7+ Ka6 30. Rxg7 c5 31. Nd5 Re6 32. Nc7+ Ka5 33. Nxe6 g5 34. Bxg5 1-0

[Event "Late-Titled-Tuesday-Blitz-February-06-2024"]
[Site "Chess.com"]
[Date "2024.02.06"]
[Round "6"]
[White "ArtemDyachuk"]
[Black "pr1105"]
[Result "0-1"]
[WhiteElo "2609"]
[BlackElo "2427"]
[TimeControl "180+1"]
[EndTime "15:02:40 PST"]
[Termination "pr1105 won by checkmate"]

1. Nf3 d5 2. e3 Nf6 3. b3 Bf5 4. Bb2 h6 5. Be2 e6 6. O-O c6 7. c4 Nbd7 8. Nc3 Bd6 9. cxd5 exd5 10. d3 O-O 11. Re1 Re8 12. Bf1 Bg4 13. h3 Bh5 14.
Kh1 Ne5 15. Be2 Bxf3 16. Bxf3 Qe7 17. Be2 Rad8 18. d4 Ng6 19. Bd3 Ne4 20. Bxe4 dxe4 21. Qc2 f5 22. Rad1 Nh4 23. g4 Nf3 24. gxf5 Qh4 25. Kg2 Qg5+ 26. Kf1 Qxf5 27. Re2 Qxh3# 0-1

[Event "Late-Titled-Tuesday-Blitz-February-06-2024"]
[Site "Chess.com"]
[Date "2024.02.06"]
[Round "6"]
[White "hakanazeri2"]
[Black "ATM622"]
[Result "1-0"]
[WhiteElo "2637"]
[BlackElo "2454"]
[TimeControl "180+1"]
[EndTime "15:02:43 PST"]
[Termination "hakanazeri2 won by resignation"]

1. Nf3 Nf6 2. c4 c5 3. Nc3 Nc6 4. g3 g6 5. Bg2 Bg7 6. O-O O-O 7. d4 cxd4 8. Nxd4 e5 9. Ndb5 a6 10. Nd6 Qc7 11. b3 Rd8 12. Bb2 Nd4 13. Nxc8 Raxc8 14. e3 Ne6 15. Rc1 Qc5 16. Nd5 Qd6 17. Nxf6+ 1-0

[Event "Late-Titled-Tuesday-Blitz-February-06-2024"]
[Site "Chess.com"]
[Date "2024.02.06"]
[Round "6"]
[White "Hui_Li_Macau"]
[Black "JonasEilenberg"]
[Result "1-0"]
[WhiteElo "2373"]
[BlackElo "2505"]
[TimeControl "180+1"]
[EndTime "15:02:45 PST"]
[Termination "Hui_Li_Macau won by resignation"]

1. e4 c5 2. Nf3 a6 3. c4 Nc6 4. d4 cxd4 5. Nxd4 e5 6. Nf5 d5 7.
cxd5 Bxf5 8. exf5 Nd4 9. Bd3 Nf6 10. Nc3 Nxd5 11. O-O Nxc3 12. bxc3 Nc6 13. Be4 Qc7 14. Be3 Rd8 15. Qa4 Bd6 16. Rab1 Qd7 17. Rxb7 Qxb7 18. Bxc6+ Qxc6 19. Qxc6+ Ke7 20. Bc5 Rd7 1-0

[Event "Late-Titled-Tuesday-Blitz-February-06-2024"]
[Site "Chess.com"]
[Date "2024.02.06"]
[Round "6"]
[White "Ready4abattle"]
[Black "Mikayel99"]
[Result "0-1"]
[WhiteElo "2316"]
[BlackElo "2539"]
[TimeControl "180+1"]
[EndTime "15:02:46 PST"]
[Termination "Mikayel99 won by resignation"]

1. e4 c6 2. d4 d5 3. e5 c5 4.
Nf3 Bg4 5. dxc5 e6 6. b4 Nc6 7.
Bb5 Ne7 8. O-O Qc7 9. Bf4 h6 10. Re1 g5 11. Bg3 Bg7 12. Nbd2 O-O 13. Rb1 Nd4 14.
Bd3 a5 15. h3 Bh5 16. c3 Nxf3+ 17. Nxf3 axb4 18. cxb4 Rxa2 19. Qb3 Rfa8 20. Nd4 R8a3 21. Nb5 Rxb3 22. Nxc7 Rxd3 0-1

[Event "Late-Titled-Tuesday-Blitz-February-06-2024"]
[Site "Chess.com"]
[Date "2024.02.06"]
[Round "6"]
[White "ChessSwole"]
[Black "ritanovikova"]
[Result "1-0"]
[WhiteElo "2662"]
[BlackElo "2227"]
[TimeControl "180+1"]
[EndTime "15:02:48 PST"]
[Termination "ChessSwole won by resignation"]

1. e4 d5 2. exd5 Qxd5 3. Nc3 Qd6 4. d4 Nf6 5. Nf3 c6 6. Ne5 Nbd7 7. Nc4 Qc7 8. Qf3 Nb6 9. Bf4 Qd8 10. h3 Qxd4 11. Be3 Qd7 12. Bxb6 Qe6+ 13. Be3 Nd5 14. Be2 Nxc3 15.
bxc3 g6 16. Bd4 f6 17. O-O Bg7 18. Rfe1 Qf7 19. Nd6+ exd6 20. Bc4+ Qe7 21. Rxe7+ Kxe7 22. Re1+ Kd8 23. Bxf6+ 1-0

[Event "Late-Titled-Tuesday-Blitz-February-06-2024"]
[Site "Chess.com"]
[Date "2024.02.06"]
[Round "6"]
[White "temiksmozg"]
[Black "NovakRatko"]
[Result "1-0"]
[WhiteElo "2609"]
[BlackElo "2394"]
[TimeControl "180+1"]
[EndTime "15:03:02 PST"]
[Termination "temiksmozg won by resignation"]

1. e4 d5 2. exd5 c6 3. dxc6 Nxc6 4. d4 Qxd4 5. Bd3 Qe5+ 6. Qe2 e6 7. Nc3 Bb4 8. Bd2 Nf6 9. Nf3 Qxe2+ 10. Nxe2 O-O 11. c3 Bc5 12. Bg5 e5 13. Bxf6 gxf6 14. Be4 Be6 15. O-O a5 16. Rfe1 Rad8 17. Ng3 Ne7 18. Nh4 Rd2 19. Re2 Rfd8 20. Rae1 Rd1 21. b3 Rxe1+ 22. Rxe1 Rd2 23. Re2 Rd1+ 24. Nf1 b6 25. Nf3 a4 26. c4 axb3 27. axb3 Rb1 28. Bxb1 1-0

[Event "Late-Titled-Tuesday-Blitz-February-06-2024"]
[Site "Chess.com"]
[Date "2024.02.06"]
[Round "6"]
[White "DraningWaterHi"]
[Black "kuli4ik"]
[Result "0-1"]
[WhiteElo "2224"]
[BlackElo "2862"]
[TimeControl "180+1"]
[EndTime "15:03:08 PST"]
[Termination "kuli4ik won by checkmate"]

1. d4 g6 2. e4 Bg7 3. c4 d6 4. Be3 c5 5. Nc3 cxd4 6. Bxd4 Nf6 7. f3 Nc6 8. Be3 O-O 9. Bd3 e6 10. Nge2 d5 11. cxd5 exd5 12. exd5 Nxd5 13. Nxd5 Qxd5 14. Rb1 Rd8 15. Be4 Qa5+ 16. Bd2 Qb6 17. Qc2 Be6 18.
Bxc6 bxc6 19. b3 Bf5 20. Qc1 Bxb1 21. Qxb1 Rd5 22. Qc1 Re8 23. Qc4 Rde5 24. Kd1 Rxe2 25. Qxe2 Rxe2 26. Kxe2 Qa6+ 27. Ke3 Bh6+ 28. Ke4 Bxd2 29.
Ra1 Qe2+ 30. Kd4 Bf4 31. Kc5 Qe5+ 32. Kxc6 Qxa1 33. Kb7 Qxa2 34. Ka8 Qxb3 35. g4 Qb8# 0-1

[Event "Late-Titled-Tuesday-Blitz-February-06-2024"]
[Site "Chess.com"]
[Date "2024.02.06"]
[Round "6"]
[White "Akhayan"]
[Black "Chessdreamer2020"]
[Result "1-0"]
[WhiteElo "2398"]
[BlackElo "2548"]
[TimeControl "180+1"]
[EndTime "15:03:18 PST"]
[Termination "Akhayan won by resignation"]

1. e4 d6 2. d4 Nf6 3. Nc3 c6 4. f3 d5 5. Be3 g6 6. e5 Ng8 7. h4 h5 8. Qd2 Nh6 9. Bd3 Bf5 10. O-O-O Bxd3 11. Qxd3 e6 12. Nh3 Nf5 13. Ng5 Be7 14. g4 Nxe3 15. Qxe3 hxg4 16. fxg4 Rxh4 17. Rxh4 Nd7 18.
Rh8+ Nf8 19. Nh7 Kd7 20. Nxf8+ Bxf8 21. Kb1 Rc8 22. Qf3 Qe7 23. Rh7 Ke8 24. Rf1 Rc7 25. Ne2 Qd7 26. Nf4 c5 27. Nxg6 cxd4 28. Nxf8 Kxf8 29.
Rh8+ 1-0

[Event "Late-Titled-Tuesday-Blitz-February-06-2024"]
[Site "Chess.com"]
[Date "2024.02.06"]
[Round "6"]
[White "Harsha_Bharathakoti"]
[Black "YurasovMat-2012"]
[Result "1-0"]
[WhiteElo "2899"]
[BlackElo "2683"]
[TimeControl "180+1"]
[EndTime "15:03:28 PST"]
[Termination "Harsha_Bharathakoti won by resignation"]

1. Nf3 Nf6 2. c4 c6 3. Nc3 d5 4.
e3 e6 5. b3 Nbd7 6. Bb2 Bd6 7.
Be2 O-O 8. O-O b6 9. d4 Bb7 10. Rc1 Re8 11. Re1 h6 12. Bf1 Rc8 13. g3 dxc4 14. bxc4 e5 15. Bg2 exd4 16. exd4 Rxe1+ 17. Qxe1 Ba6 18. Nd1 Qf8 19. Ne3 Re8 20. Qd1 Bb7 21. Qb3 Ne4 22. Rd1 Ndf6 23. Nf5 Bb8 24. Re1 Bc8 25. Ne3 c5 26. d5 g5 27. Qd3 Bd7 28.
Nd2 Qe7 29. Nxe4 Nxe4 30. Ng4 Bxg4 31. Rxe4 Qd7 32. Qc3 f6 33. Qxf6 Rxe4 34. Bxe4 1-0

[Event "Late-Titled-Tuesday-Blitz-February-06-2024"]
[Site "Chess.com"]
[Date "2024.02.06"]
[Round "6"]
[White "j_coca"]
[Black "djano"]
[Result "0-1"]
[WhiteElo "2459"]
[BlackElo "2637"]
[TimeControl "180+1"]
[EndTime "15:03:34 PST"]
[Termination "djano won by resignation"]

1. f4 c5 2. Nf3 Nc6 3. e3 g6 4. d4 Bg7 5. c3 cxd4 6. exd4 d5 7.
Bd3 Nf6 8. O-O Bf5 9. Qe2 Bxd3 10. Qxd3 Ne4 11. Nbd2 f5 12. Ne5 O-O 13. g4 e6 14.
gxf5 gxf5 15. Ndf3 Kh8 16. Qe2 Qe7 17. Kh1 Bf6 18. Rg1 Rg8 19. Be3 Bxe5 20. fxe5 Rg4 21.
Rxg4 fxg4 22. Nd2 Nxd2 23. Bxd2 Rg8 24. Rg1 Qh4 25. Bf4 Ne7 26. Bg3 Qh5 27. Rf1 Nf5 28.
Qf2 Qh3 29. Kg1 Rg6 30. Qg2 Qxg2+ 31. Kxg2 Ne3+ 32. Kf2 Nxf1 33. Kxf1 Rg5 34. Ke2 Rf5 35.
b3 Kg8 36. c4 Kf7 37. cxd5 exd5 38. Kd2 Ke6 39. Kc3 h5 40. a4 Rf3+ 41. Kb4 Rxg3 42. hxg3 h4 0-1

[Event "Late-Titled-Tuesday-Blitz-February-06-2024"]
[Site "Chess.com"]
[Date "2024.02.06"]
[Round "6"]
[White "DavidGavrilescu18"]
[Black "h4parah5"]
[Result "0-1"]
[WhiteElo "2777"]
[BlackElo "2969"]
[TimeControl "180+1"]
[EndTime "15:03:48 PST"]
[Termination "h4parah5 won by resignation"]

1. e4 c5 2. Nf3 e6 3. b3 Nc6 4.
Bb2 a6 5. c4 Qc7 6. d4 cxd4 7. Nxd4 Qe5 8. Bc3 Qxe4+ 9. Be2 Qxg2 10. Bf3 Qg5 11. Nd2 Nf6 12. Qe2 Qe5 13. Nxc6 Qxc3 14.
O-O bxc6 15. Rac1 Qd4 16. Rfd1 Qf4 17. c5 Qg5+ 18. Kh1 Bxc5 19. Rg1 Qf5 20. Ne4 Be7 21.
Rxg7 Nxe4 22. Bxe4 Qe5 23. Rxf7 Kxf7 24. Bg6+ Kf6 0-1

[Event "Late-Titled-Tuesday-Blitz-February-06-2024"]
[Site "Chess.com"]
[Date "2024.02.06"]
[Round "6"]
[White "GHANDEEVAM2003"]
[Black "DanielNaroditsky"]
[Result "0-1"]
[WhiteElo "3037"]
[BlackElo "3209"]
[TimeControl "180+1"]
[EndTime "15:04:13 PST"]
[Termination "DanielNaroditsky won by resignation"]

1. c4 g6 2. g3 Bg7 3. Bg2 Nf6 4.
Nc3 O-O 5. e4 c5 6. Nge2 Nc6 7.
d3 d6 8. O-O a6 9. h3 Rb8 10. a4 Bd7 11. Be3 Na5 12. Qc2 b5 13. axb5 axb5 14. cxb5 Bxb5 15. Nxb5 Rxb5 16. d4 Nb3 17.
Rad1 cxd4 18. Nxd4 Nxd4 19. Bxd4 Qb8 20. Rc1 Nd7 21.
Bxg7 Kxg7 22. Qc7 Rd8 23. Qc3+ Kg8 24. Rc2 Rb3 25. Qd2 Ne5 26. Rfc1 Qb6 27. Kf1 Nd3 28. Rb1 Rb8 29. e5 Nxe5 30. Bd5 Rd3 0-1

[Event "Late-Titled-Tuesday-Blitz-February-06-2024"]
[Site "Chess.com"]
[Date "2024.02.06"]
[Round "6"]
[White "Mops_2004"]
[Black "dropstoneDP"]
[Result "1/2-1/2"]
[WhiteElo "2738"]
[BlackElo "2988"]
[TimeControl "180+1"]
[EndTime "15:04:13 PST"]
[Termination "Game drawn by repetition"]

1. f4 d5 2. Nf3 g6 3. e3 Bg7 4. Be2 c5 5. d4 Nc6 6. c3 Nf6 7. Ne5 O-O 8. Nd2 Qc7 9. O-O b6 10. a4 Bb7 11. Nxc6 Bxc6 12. b4 a5 13. b5 Bb7 14. Ba3 Rfd8 15. Rc1 Rac8 16. g4 e6 17. g5 Ne8 18. Nb3 c4 19. Nd2 Nd6 20. Bg4 Nf5 21. Qe1 Re8 22. Nf3 h5 23. Bxf5 exf5 24. Ne5 Re6 25. h4 Rce8 26. Qg3 Bc8 27. Rc2 Bd7 28. Ra2 Qc8 29. Raf2 Qc7 30. Ra2 Qc8 31.
Raf2 Qc7 32. Ra2 1/2-1/2

[Event "Late-Titled-Tuesday-Blitz-February-06-2024"]
[Site "Chess.com"]
[Date "2024.02.06"]
[Round "6"]
[White "Philippians46"]
[Black "KuzubovYuriy"]
[Result "1-0"]
[WhiteElo "2695"]
[BlackElo "2894"]
[TimeControl "180+1"]
[EndTime "15:04:18 PST"]
[Termination "Philippians46 won by checkmate"]

1. d4 g6 2. e4 Bg7 3. Nc3 d6 4. Be3 Nc6 5. Qd2 e5 6. dxe5 dxe5 7. Qxd8+ Nxd8 8. Nb5 Ne6 9. Bc4 a6 10. Nc3 Nf6 11. f3 b5 12. Bb3 Bb7 13. Bxe6 fxe6 14. Nge2 Nd7 15. Nc1 c5 16. Nb3 Rc8 17. O-O-O Bf8 18.
Rd2 Be7 19. Rhd1 Bc6 20. Na5 Nb8 21. Ne2 Ba8 22. c3 Kf7 23. Kc2 Rhe8 24. Nc1 Nc6 25.
Nxc6 Bxc6 26. Nd3 Ba8 27. Nxe5+ Kg8 28. Rd7 Bf6 29. Ng4 Bg7 30. Bh6 Bh8 31. Bg5 Rf8 32.
Nh6# 1-0

[Event "Late-Titled-Tuesday-Blitz-February-06-2024"]
[Site "Chess.com"]
[Date "2024.02.06"]
[Round "6"]
[White "tactic"]
[Black "DonMicheleCorleone"]
[Result "1-0"]
[WhiteElo "2657"]
[BlackElo "2488"]
[TimeControl "180+1"]
[EndTime "15:04:20 PST"]
[Termination "tactic won by resignation"]

1. e4 e6 2. d3 e5 3. Nc3 Nc6 4. f4 d6 5. Nf3 exf4 6. Bxf4 Bg4 7. h3 Bh5 8. g4 Bg6 9. h4 h5 10. g5 f6 11. d4 Qe7 12. Bh3 Bxe4 13. O-O d5 14. Re1 Rd8 15. Bf5 fxg5 16. Bxg5 Nf6 17. Nxe4 dxe4 18. Rxe4 1-0

[Event "Late-Titled-Tuesday-Blitz-February-06-2024"]
[Site "Chess.com"]
[Date "2024.02.06"]
[Round "6"]
[White "FMOlexandrProhorov"]
[Black "masterofpuppets2"]
[Result "0-1"]
[WhiteElo "2298"]
[BlackElo "2506"]
[TimeControl "180+1"]
[EndTime "15:04:22 PST"]
[Termination "masterofpuppets2 won by resignation"]

1. e4 c6 2. d4 d5 3. e5 c5 4. dxc5 e6 5. Be3 Nh6 6. b4 Nf5 7. c3 Nxe3 8. fxe3 a5 9. a3 b6 10. cxb6 axb4 11. Bb5+ Nd7 12. Qb3 Qxb6 13. Bxd7+ Bxd7 14.
Kf2 Ba4 15. axb4 Bxb3 16. Rxa8+ Kd7 17. Nd2 Bc4 18. Nxc4 dxc4 19. Ne2 g6 20. Rd1+ Ke7 21. Rdd8 Qxd8 22. Rxd8 Kxd8 23. Nd4 Bg7 0-1